 Dungeon Sprint DCSS version 0.30-a0-469-g84de5afbc5 (webtiles) character file.

Game seed: 1562209297638464994

2800000 NinjaNoafa the Intangible (level 20, -11/271 HPs)
             Began as a Djinni Warper on Dec 19, 2022.
             Was the Champion of Makhleb.
             Mangled by a meat berserker
             ... wielding a +9 battleaxe
              (85 damage)
             ... in the Dungeon (Sprint VIII: "Arena of Blood").
             The game lasted 00:00:45 (28 turns).

NinjaNoafa the Intangible (Djinni Warper)             Turns: 28, Time: 00:00:45

Health: -11/271    AC: 16    Str: 20    XL:     20   Next: 50%
Gold:   0          EV: 23    Int: 19    God:    Makhleb [******] SH:  0 Dex: 18

rFire   + + .      SeeInvis .    (weapon currently unavailable)
rCold   x . .      Faith    .    (shield currently unavailable)
rNeg    . . .      Spirit   .    (body armour currently unavailable)
rPois   ∞          Reflect  .    (helmet currently unavailable)
rElec   .          Harm     .    (cloak currently unavailable)
rCorr   .          Rampage  .    (gloves currently unavailable)
Will    ++...      NoTele   +    (boots unavailable)
Stlth   ++........               (no amulet)
HPRegen 0.65/turn                (no ring)
MPRegen 0.00/turn                (no ring)

@: dragon-form, flying
A: dragon claw, dragon scales, breathe fire, flying, boosted hp, sickness
immunity, giant, (fire resistance 2), (cold vulnerability 1), float, innate
caster, HP casting, extra vitality 1
a: Breathe Fire, End Transformation, Renounce Religion, Minor Destruction,
Lesser Servant of Makhleb, Major Destruction, Greater Servant of Makhleb


You were in the Dungeon.
You worshipped Makhleb.
Makhleb was exalted by your worship.
You were a fearsome dragon!
You visited 1 branch

Inventory:

Hand Weapons
 a - a +0 hand axe
 i - the +∞ Axe of Woe (melded)
   (You found it in the Dungeon)
Missiles
 d - 7 boomerangs of dispersal (quivered)
Armour
 b - a +0 leather armour (melded)
Scrolls
 c - 2 scrolls of blinking
Potions
 e - a potion of curing
 f - a potion of heal wounds
 g - a potion of haste
 h - a potion of berserk rage


   Skills:
 O Level 27 Fighting
 + Level 25.4 Axes
 - Level 0.7 Throwing
 O Level 27 Armour
 O Level 27 Dodging
 + Level 23.7 Spellcasting
 O Level 27 Invocations


You had 14 spell levels left.
You knew the following spells:

 Your Spells              Type           Power      Damage    Failure   Level
a - Blink                 Tloc           100%       N/A       0%          2
b - Lesser Beckoning      Tloc           100%       N/A       0%          3
c - Vhi's Electric Charg  Tloc/Air       100%       N/A       0%          3
d - Teleport Other        Tloc           85%        N/A       0%          3
e - Manifold Assault      Tloc           85%        N/A       0%          4
f - Summon Small Mammal   Summ           100%       N/A       0%          1
g - Call Imp              Summ           85%        N/A       0%          2
h - Scorch                Fire           100%       2d10      0%          2
i - Frozen Ramparts       Ice            100%       1d16      0%          3
j - Fulminant Prism       Conj/Hex       42%        3d19      0%          4
k - Freezing Cloud        Conj/Ice/Air   42%        6-21      0%          5
l - Eringya's Noxious Bo  Tmut/Pois      42%        N/A       0%          6
m - Haunt                 Necr/Summ      42%        N/A       1%          7
n - Dragon Form           Tmut           42%        N/A       1%          7
Your spell library was empty.

Dungeon Overview and Level Annotations

Branches:
Dungeon (1/1)

Altars:
Makhleb


Innate Abilities, Weirdness & Mutations

You are a fearsome dragon!
You have a powerful clawing attack.
Your giant scaled body is strong and resiliant, but less evasive.
You can breathe fire.
You are flying.
Your maximum health is greatly increased.
Your armour is entirely melded.
You are incapable of wielding weapons or throwing items.
You are immune to sickness and miasma.
You are immune to poison.
((Your flesh is very heat resistant. (rF++)))
((You are vulnerable to cold. (rC-)))
You float through the air rather than walking.
You learn spells naturally, not from books.
Your magical power is your life essence.
You have superior vitality. (+4 MHP)


Message History

Casting: Eringya's Noxious Bog (safe; 1% risk of failure)
Confirm with . or Enter, or press ? or * to list all spells.
You turn into a fearsome dragon!
The +∞ Axe of Woe melds into your body.
Your +0 leather armour melds into your body.
The large bag of meat appears out of thin air!
A large bag of meat comes into view. It is wielding a +9 giant spiked club.
You are engulfed in blazing flames.
You resist.
The large bag of meat shouts in stereo!
You hear a shout! x12
You claw the large bag of meat!
Flame seeps out of the large bag of meat.
You bite the large bag of meat, but do no damage.
The large bag of meat is lightly wounded.
You are engulfed in blazing flames.
You resist.
A meat berserker comes into view. It is wielding a +9 battleaxe.
You hear a shout! x2
The large bag of meat is engulfed in blazing flames.
The large bag of meat hits you with a +9 giant spiked club!!!
The large bag of meat hits you with a +9 giant spiked club!!
The bag of meat is engulfed in blazing flames.
The bag of meat misses you. x2
You hear a shout!
A meat berserker comes into view. It is wielding a +9 battleaxe.
You hear a shout! x2
A bag of meat comes into view. It is wielding a +9 war axe.
The meat berserker is engulfed in blazing flames.
The meat berserker hits you with a +9 battleaxe!!!
You hear a shout! x2
Unknown command.
You maul the bag of meat!!!
The bag of meat is lightly wounded.
You are engulfed in blazing flames.
You resist.
You hear a shout!
The bag of meat is engulfed in blazing flames.
The bag of meat hits you with a +9 war axe!!
A bag of meat comes into view. It is wielding a +9 war axe.
The bag of meat hits you with a +9 war axe!!
* * * LOW HITPOINT WARNING * * *
The meat berserker is engulfed in blazing flames.
The meat berserker hits you with a +9 battleaxe!!!!
You die...

#... .# . #...
..# ...###...
..###.
........###......
#.. ....._......
.... #...O.#
..... #o)<._#
......#oO.o.#..
#.O.o.ODoo.o....
.......☼###......
...###§§§ ..###.
o. #.o.. ..#
#..... .#
.........
..O......
.o........


You could see 2 large bags of meat, 3 meat berserkers and 10 bags of meat.

Vanquished Creatures
  A vampire knight (D)
  11 ogres (D)
  A two-headed ogre (D)
  12 orcs (D)
25 creatures vanquished.

Notes
Turn   | Place    | Note
-------+----------+-------------------------------------------
     0 | D        | Found the +∞ Axe of Woe
     0 | D        | NinjaNoafa the Djinni Warper began the quest for the Orb.
     0 | D        | NinjaNoafa set off with the following spells memorised:
                  | Blink, Lesser Beckoning, Vhi's Electric Charge, Teleport
                  | Other, Manifold Assault.
     0 | D        | Reached XP level 1. HP: 18/18 MP: 0/0
     1 | D        | Noticed a meat berserker
     1 | D        | Noticed a bag of meat
     3 | D        | Became a worshipper of Makhleb the Destroyer
     5 | D        | Noticed a bag of meat
     6 | D        | Killed a meat berserker
     6 | D        | Noticed a bag of meat
     6 | D        | Noticed a bag of meat
     7 | D        | Reached skill level 10 in Axes
     7 | D        | Reached skill level 10 in Spellcasting
     7 | D        | Reached XP level 2. HP: 39/39 MP: 0/0
     7 | D        | Reached XP level 3. HP: 44/44 MP: 0/0
     7 | D        | Learned a level 1 spell: Summon Small Mammal
     7 | D        | Reached XP level 4. HP: 50/50 MP: 0/0
     7 | D        | Reached XP level 5. HP: 56/56 MP: 0/0
     7 | D        | Learned a level 2 spell: Call Imp
     7 | D        | Reached XP level 6. HP: 62/62 MP: 0/0
     7 | D        | Reached XP level 7. HP: 67/67 MP: 0/0
     7 | D        | Learned a level 2 spell: Scorch
     7 | D        | Reached XP level 8. HP: 74/74 MP: 0/0
     7 | D        | Reached XP level 9. HP: 79/79 MP: 0/0
     7 | D        | Learned a level 3 spell: Frozen Ramparts
     7 | D        | Reached XP level 10. HP: 85/85 MP: 0/0
     7 | D        | Reached XP level 11. HP: 90/90 MP: 0/0
     7 | D        | Learned a level 4 spell: Fulminant Prism
     7 | D        | Reached XP level 12. HP: 96/96 MP: 0/0
     8 | D        | Noticed a bag of meat
     9 | D        | Killed a bag of meat
     9 | D        | Reached * piety under Makhleb
     9 | D        | Noticed a bag of meat
    10 | D        | Reached XP level 13. HP: 104/104 MP: 0/0
    10 | D        | Learned a level 5 spell: Freezing Cloud
    10 | D        | Killed a bag of meat
    10 | D        | Killed a bag of meat
    10 | D        | Killed a bag of meat
    10 | D        | Reached ** piety under Makhleb
    10 | D        | Noticed a meat berserker
    11 | D        | Reached skill level 15 in Invocations
    11 | D        | Reached XP level 14. HP: 116/116 MP: 0/0
    11 | D        | Killed a bag of meat
    11 | D        | Noticed a meat berserker
    12 | D        | Killed a bag of meat
    12 | D        | Noticed a bag of meat
    12 | D        | Noticed a bag of meat
    12 | D        | Noticed a bag of meat
    13 | D        | Reached XP level 15. HP: 72/124 MP: 0/0
    13 | D        | Learned a level 6 spell: Eringya's Noxious Bog
    13 | D        | Killed a meat berserker
    13 | D        | Reached *** piety under Makhleb
    13 | D        | Noticed a meat berserker
    14 | D        | Reached skill level 15 in Axes
    14 | D        | Noticed a meat berserker
    14 | D        | Noticed a meat berserker
    15 | D        | Noticed a meat berserker
    16 | D        | Noticed a meat berserker
    16 | D        | Killed a meat berserker
    17 | D        | Reached skill level 15 in Spellcasting
    17 | D        | Reached XP level 16. HP: 117/135 MP: 0/0
    17 | D        | Killed a meat berserker
    17 | D        | Reached **** piety under Makhleb
    17 | D        | Noticed a meat berserker
    17 | D        | Noticed a meat berserker
    18 | D        | Noticed a destroyer
    18 | D        | Killed a meat berserker
    18 | D        | Killed a meat berserker
    18 | D        | Noticed a meat berserker
    19 | D        | Reached XP level 17. HP: 148/148 MP: 0/0
    19 | D        | Learned a level 7 spell: Haunt
    19 | D        | Killed a meat berserker
    19 | D        | Reached ***** piety under Makhleb
    20 | D        | Reached XP level 18. HP: 157/157 MP: 0/0
    20 | D        | Killed a meat berserker
    21 | D        | Noticed a large bag of meat
    22 | D        | Killed a meat berserker
    22 | D        | Killed a large bag of meat
    22 | D        | Noticed a meat berserker
    23 | D        | Reached skill level 27 in Dodging
    23 | D        | Reached XP level 19. HP: 151/169 MP: 0/0
    23 | D        | Learned a level 7 spell: Dragon Form
    23 | D        | Killed a meat berserker
    24 | D        | Killed a destroyer
    24 | D        | Reached ****** piety under Makhleb
    24 | D        | Noticed a large bag of meat
    25 | D        | Reached skill level 27 in Fighting
    25 | D        | Reached skill level 27 in Armour
    25 | D        | Reached skill level 27 in Invocations
    25 | D        | Reached XP level 20. HP: 180/181 MP: 0/0
    25 | D        | Killed a meat berserker
    26 | D        | Noticed a large bag of meat
    27 | D        | Noticed a meat berserker
    27 | D        | Noticed a meat berserker
    28 | D        | Mangled by a meat berserker

Illustrated notes

Levels and vault maps discovered:
D:        meatsprint

Skill      XL: |  1  2  3  4  5  6  7  8  9 10 11 12 13 14 15 16 17 18 19 20 |
---------------+-------------------------------------------------------------+-----
Fighting       | 12 13 16 17 19 21 23 25 27 | 27.0
Axes           | 10 11 13 14 16 18 19 22 24 25 | 25.4
Armour         | 12 13 16 17 19 21 23 25 27 | 27.0
Dodging        | 13 14 17 18 20 23 24 27 | 27.0
Spellcasting   | 10 11 12 13 15 17 18 20 22 23 | 23.7
Invocations    | 12 13 15 17 19 21 23 25 27 | 27.0
Throwing       | |  0.7

Action                   |  1- 3 |  4- 6 |  7- 9 | 10-12 | 13-15 | 16-18 | 19-21 || total
-------------------------+-------+-------+-------+-------+-------+-------+-------++-------
Melee: Executioner's axe |     1 |       |       |     1 |     5 |     5 |     3 ||    15
       Unarmed           |       |       |       |       |       |       |     2 ||     2
       Bite              |       |       |       |       |       |       |     1 ||     1
 Cast: Eringya's Noxious |       |       |       |       |     1 |       |       ||     1
       Dragon Form       |       |       |       |       |       |       |     1 ||     1
Dodge: Dodged            |       |       |       |       |       |     1 |     2 ||     3

Table legend: (Time is in decaauts)
 A = Elapsed time spent in this place.
 B = Non-inter-level travel time spent in this place.
 C = Inter-level travel time spent in this place.
 D = Time resting spent in this place.
 E = Time spent auto-exploring this place.
 F = Levels seen in this place.
 G = Mean time per level.
                   A        B        C        D        E       F      G
               +--------+--------+--------+--------+--------+-----+--------+
         Total |     28 |     28 |      0 |      0 |      0 |   1 |   28.0 |
       Dungeon |     28 |     28 |      0 |      0 |      0 |   1 |   28.0 |
               +--------+--------+--------+--------+--------+-----+--------+

Top non-repeatable levels by time:
       D: 28 daAuts
